 Dungeon Crawl Stone Soup version 0.20.1-1-g8b1a95d (webtiles) character file.

732 ANON1729 the Destroyer (level 7, -9/37 HPs)
             Began as a Tengu Conjurer on July 26, 2017.
             Killed from afar by Ijyb (26 damage)
             ... with a wand of lightning (?/15)
             ... on level 4 of the Dungeon.
             The game lasted 00:13:45 (3579 turns).

ANON1729 the Destroyer (Tengu Conjurer)             Turns: 3579, Time: 00:13:45

Health: -9/37      AC:  2    Str:  8    XL:     7   Next: 73%
Magic:  1/14       EV: 13    Int: 18    God:
Gold:   108        SH:  0    Dex: 14    Spells: 8/15 levels left

rFire    + . .     SeeInvis .   w - +0 whip (venom)
rCold    . . .     Gourm    .   (no shield)
rNeg     . . .     Faith    .   a - +0 robe
rPois    .         Spirit   .   (helmet restricted)
rElec    .         Reflect  .   (no cloak)
rCorr    +         Harm     .   (no gloves)
MR       .....                  (boots unavailable)
Stlth    +++.......             (no amulet)
Regen    0.2/turn               j - ring of resist corrosion
MPRegen  0.2/turn               o - ring of protection from fire

@: very slightly contaminated
A: beak, talons 3, able to fly 1
a: Fly


You were on level 4 of the Dungeon.
You were not hungry.

You visited 1 branch of the dungeon, and saw 4 of its levels.

You collected 108 gold pieces.

Inventory:

Hand Weapons
 h - a +0 short sword
 u - a +1 whip of flaming
 w - a +0 whip of venom (weapon)
Armour
 a - a +0 robe (worn)
 i - a cursed +0 leather armour
Jewellery
 j - a ring of resist corrosion (left hand)
 o - a ring of protection from fire (right hand)
Scrolls
 d - 7 scrolls of identify {unknown}
 f - 3 scrolls of enchant weapon {unknown}
 k - a scroll of recharging {unknown}
 s - a scroll of immolation {unknown}
 t - a scroll of magic mapping {unknown}
Potions
 e - 2 potions of invisibility
 g - a potion of mutation {unknown}
 l - a potion of flight {unknown}
 m - 2 potions of curing
 n - a potion of heal wounds {unknown}
 q - a potion of resistance {unknown}
 r - a potion of agility
Books
 b - a book of Conjurations

   Spells                             Type                      Level
   a - Magic Dart                     Conjuration                  1
   b - Searing Ray                    Conjuration                  2
   c - Dazzling Spray                 Conjuration/Hexes            3
   d - Fulminant Prism                Conjuration/Hexes            4
   e - Force Lance                    Conjuration/Translocation    4
   f - Iskenderun's Mystic Blast      Conjuration                  4
Comestibles
 c - a bread ration
 p - a royal jelly


   Skills:
 + Level 0.8 Fighting
 + Level 0.7 Short Blades
 + Level 3.3 Dodging
 + Level 4.3 Stealth
 + Level 0.2 Unarmed Combat
 + Level 4.5 Spellcasting
 + Level 8.5 Conjurations
 + Level 0.1 Hexes


You had 8 spell levels left.
You knew the following spells:

 Your Spells              Type           Power        Failure   Level  Hunger
a - Magic Dart            Conj           ####         1%          1    None
b - Searing Ray           Conj           ####..       1%          2    #......
c - Fulminant Prism       Conj/Hex       ###.......   24%         4    ####...


Dungeon Overview and Level Annotations

Branches:
Dungeon (4/15)
 Temple: D:4-7

Altars:
Ashenzari
Gozag
Trog
The Shining One

Shops:
D:2 *

Annotations:
D:4 Ijyb


Innate Abilities, Weirdness & Mutations

You have a beak for a mouth.
You have claws for feet.
You can fly.


Message History

Casting: Fulminant Prism
Confirm with . or Enter, or press ? or * to list all spells.
Aiming: Fulminant Prism
Press: ? - help, Dir - move target cursor You miscast Fulminant Prism.
Your skin glows momentarily.
Casting: Fulminant Prism
Confirm with . or Enter, or press ? or * to list all spells.
Aiming: Fulminant Prism
Press: ? - help, Dir - move target cursor You conjure a prism of explosive energy!
Ijyb zaps a wand.
The bolt of lightning misses you.
Your fulminant prism crackles loudly.
Casting: Fulminant Prism
Confirm with . or Enter, or press ? or * to list all spells.
Aiming: Magic Dart
Press: ? - help, Shift-Dir - straight line, f - Ijyb
Aim: Ijyb, wearing a scale mail and carrying a wand of lightning (?/15) {zapped: 2} The magic dart hits Ijyb.
Ijyb zaps a wand.
The bolt of lightning hits you!
Ouch! That really hurt!
You die...

#...$..#
......#
g....# ....#
...# .*# #g#
#.# ######
#@#
#....#####.#
#.......#..#
#..........#
#.......#..#
#....####.##
###### #.##
####..##
#####......#


You could see Ijyb and a friendly fulminant prism.

Vanquished Creatures
  Pikel (D:3)
  2 slaves (D:4)
  The ghost of ANON1729 the Conjurer, a weakling TeCj (D:3)
  An iguana (D:4)
  Terence (D:2)
  Natasha (D:2)
  A worker ant (D:4)
  Robin (D:4)
  5 adders (D:3)
  An ooze (D:2)
  A worm (D:2)
  4 dart slugs
  4 leopard geckos
  An orc (D:3)
  A ball python (D:2)
  10 bats
  2 giant cockroaches
  12 hobgoblins
  6 jackals
  12 kobolds
  4 frilled lizards
  17 goblins
  8 rats
97 creatures vanquished.

Vanquished Creatures (others)
  3 fulminant prisms
3 creatures vanquished.

Grand Total: 100 creatures vanquished

Notes
Turn   | Place    | Note
-------+----------+-------------------------------------------
     0 | D:1      | ANON1729 the Tengu Conjurer began the quest for the Orb.
     0 | D:1      | Reached XP level 1. HP: 10/10 MP: 4/4
   212 | D:1      | Reached XP level 2. HP: 6/15 MP: 4/6
   216 | D:1      | Learned a level 2 spell: Searing Ray
   547 | D:1      | Reached skill level 6 in Conjurations
   726 | D:1      | Reached XP level 3. HP: 15/19 MP: 4/7
   879 | D:2      | Found a bloodstained altar of Trog.
   896 | D:2      | Found a glowing golden altar of the Shining One.
   924 | D:2      | Noticed Terence
   961 | D:2      | Noticed Natasha
   983 | D:2      | Killed Terence
   983 | D:2      | Reached XP level 4. HP: 6/24 MP: 0/8
   991 | D:2      | HP: 1/24 [shadow imp/nerve-wracking pain[Natasha] (5)]
  1036 | D:2      | You fall through a shaft!
  1040 | D:3      | Noticed ANON1729's ghost (weakling TeCj)
  1756 | D:3      | Gained mutation: You can fly. [Tengu growth]
  1756 | D:3      | Reached XP level 5. HP: 25/28 MP: 0/9
  1843 | D:3      | Killed ANON1729's ghost
  2015 | D:3      | Reached skill level 7 in Conjurations
  2211 | D:2      | Found a shattered altar of Ashenzari.
  2373 | D:2      | Found an opulent altar of Gozag.
  2377 | D:2      | Found Gozag's Platinum Reserve.
  2451 | D:2      | Learned a level 4 spell: Fulminant Prism
  2500 | D:2      | Killed Natasha
  2690 | D:2      | Reached XP level 6. HP: 32/32 MP: 4/11
  2909 | D:4      | Noticed a slave
  2909 | D:4      | Noticed a slave
  2911 | D:4      | Noticed Pikel
  2912 | D:4      | Noticed a slave
  2914 | D:4      | Noticed a slave
  2926 | D:4      | Killed a slave
  2926 | D:4      | Killed a slave
  3013 | D:3      | Killed Pikel
  3013 | D:3      | Reached skill level 8 in Conjurations
  3013 | D:3      | Reached XP level 7. HP: 12/37 MP: 0/14
  3291 | D:4      | Noticed Robin
  3325 | D:4      | Killed Robin
  3571 | D:4      | Noticed Ijyb
  3579 | D:4      | Killed from afar by Ijyb

Skill      XL: |  1  2  3  4  5  6 |
---------------+-------------------+-----
Conjurations   | 6 7 8 |  8.5
Stealth        | 3 4 |  4.3
Spellcasting   | 4 |  4.5
Dodging        | 3 |  3.3
Fighting       | |  0.8
Short Blades   | |  0.7
Unarmed Combat | |  0.2
Hexes          | |  0.1

Action                   |  1- 3 |  4- 6 |  7- 9 || total
-------------------------+-------+-------+-------++-------
Melee: Unarmed           |    25 |     5 |       ||    30
       Kick              |     4 |     4 |       ||     8
       Peck              |     2 |     1 |     1 ||     4
       Short sword       |       |     5 |       ||     5
       Whip              |       |       |    12 ||    12
 Cast: Magic Dart        |    47 |    98 |     8 ||   153
       Searing Ray       |     1 |     2 |     4 ||     7
       Fulminant Prism   |       |     3 |     1 ||     4
 Stab: Sleeping          |     1 |       |       ||     1
  Eat: Chunk             |     1 |     6 |       ||     7
       Bread ration      |       |       |     1 ||     1
Armor: Robe              |     6 |     1 |     4 ||    11
Dodge: Dodged            |    25 |    24 |    19 ||    68
